[ AOE2 MATCH · #489699360 ]
UnrankedBulgarians vs Persians
[ REPLAY ANALYSIS · EXTRACTED FROM THE RECORDED GAME ]
Feudal
13:59
Castle
18:25
Imperial
—
| APM avg | 32.8 |
| APM peak | 115 |
| eAPM avg | 20.5 |
| Villagers / military | 117 / 176 |
Focus
⚔️ 66.9% · 🌾 33.1%
Konnik ×175 · Fishing Ship ×8 · Monk ×1 · Unknown (2626) ×1
Feudal
16:04
Castle
21:17
Imperial
35:48
| APM avg | 20.6 |
| APM peak | 64 |
| eAPM avg | 14.1 |
| Villagers / military | 109 / 220 |
Focus
⚔️ 48.4% · 🌾 51.6%
Spearman ×109 · Militia ×89 · Fishing Ship ×28 · Fire Galley ×11 · Trebuchet (Packed) ×9 · Unknown (2626) ×8
Feudal
12:03
Castle
20:19
Imperial
39:32
| APM avg | 35.5 |
| APM peak | 104 |
| eAPM avg | 16.9 |
| Villagers / military | 119 / 117 |
Focus
⚔️ 35.8% · 🌾 64.2%
Knight ×101 · Monk ×7 · Fishing Ship ×7 · War Elephant ×5 · Trebuchet (Packed) ×2 · Mangonel ×1
Feudal
15:26
Castle
23:03
Imperial
36:09
| APM avg | 33.9 |
| APM peak | 87 |
| eAPM avg | 21.6 |
| Villagers / military | 123 / 193 |
Focus
⚔️ 47.7% · 🌾 52.3%
Archer ×80 · Spearman ×57 · Skirmisher ×40 · Fishing Ship ×20 · Rattan Archer ×7 · Trebuchet (Packed) ×7
Feudal
13:20
Castle
21:59
Imperial
53:28
| APM avg | 43.2 |
| APM peak | 108 |
| eAPM avg | 28.2 |
| Villagers / military | 149 / 79 |
Focus
⚔️ 27.9% · 🌾 72.1%
Scout Cavalry ×30 · Knight ×18 · Fishing Ship ×12 · Monk ×11 · Archer ×9 · Battering Ram ×5
Feudal
15:29
Castle
20:15
Imperial
46:03
| APM avg | 22.3 |
| APM peak | 69 |
| eAPM avg | 15.0 |
| Villagers / military | 120 / 169 |
Focus
⚔️ 28.8% · 🌾 71.2%
Woad Raider ×145 · Fishing Ship ×13 · Battering Ram ×10 · Fire Galley ×7 · Galley ×4 · Unknown (2626) ×4
Feudal
13:49
Castle
18:38
Imperial
45:06
| APM avg | 21.9 |
| APM peak | 57 |
| eAPM avg | 14.8 |
| Villagers / military | 186 / 114 |
Focus
⚔️ 26.4% · 🌾 73.6%
Longbowman ×98 · Trebuchet (Packed) ×9 · Mangonel ×5 · Fishing Ship ×5 · Battering Ram ×2 · Unknown (2626) ×1
Feudal
12:28
Castle
30:14
Imperial
—
| APM avg | 31.7 |
| APM peak | 62 |
| eAPM avg | 14.5 |
| Villagers / military | 144 / 29 |
Focus
⚔️ 22.4% · 🌾 77.6%
Ballista Elephant ×12 · Scorpion ×10 · Scout Cavalry ×7
Match map
Initial resources + every placement click. Lines = walls · curves = elevation contours. ◆ gold · ⬟ stone · ● berries · ✦ relic · ◌ wall gap
Your base· Open — 4t gap
Seifer's base· Open — 7t gap
[SENSEI] feb's base· Open — 12t gap
juanjemer's base· Open — 14t gap
[GDL] Perro del Mal's base· Open — 3t gap
LAO9's base· Open — 3t gap
老头's base· Open — 14t gap
LenninRT's base· Open — 3t gap
Smoothed initial terrain · ◌ = detected wall gap · hover for details
Inputs per minute
— Dadagama - - Seifer
Build order — Dadagama
First 150 of 277 actions detected
| 0:26 | Build | Town Center |
| 0:39 | Build | Dock |
| 0:41 | Build | House |
| 2:55 | Create | Villager (Male) ×4 |
| 3:55 | Create | Fishing Ship |
| 3:55 | Create | Fishing Ship |
| 3:56 | Create | Villager (Male) |
| 4:11 | Build | House |
| 4:54 | Research | Loom |
| 5:10 | Create | Fishing Ship |
| 5:38 | Create | Fishing Ship |
| 5:46 | Create | Villager (Male) |
| 5:46 | Create | Villager (Male) |
| 6:22 | Create | Villager (Male) |
| 6:22 | Create | Villager (Male) |
| 6:48 | Create | Fishing Ship |
| 6:58 | Create | Villager (Male) |
| 7:21 | Build | House |
| 7:39 | Create | Villager (Male) |
| 7:39 | Create | Villager (Male) |
| 7:39 | Create | Villager (Male) |
| 7:40 | Create | Villager (Male) |
| 8:14 | Create | Villager (Male) |
| 8:14 | Create | Villager (Male) |
| 8:16 | Create | Fishing Ship |
| 8:16 | Create | Fishing Ship |
| 8:28 | Build | House |
| 8:56 | Create | Villager (Male) |
| 8:56 | Create | Villager (Male) |
| 8:56 | Create | Villager (Male) |
| 8:56 | Create | Villager (Male) |
| 9:01 | Build | House |
| 9:19 | Create | Fishing Ship |
| 9:48 | Build | Lumber Camp |
| 9:56 | Build | Lumber Camp |
| 10:21 | Build | House |
| 10:52 | Create | Villager (Male) |
| 11:04 | Build | Mill |
| 11:20 | Create | Villager (Male) |
| 11:49 | Research | Feudal Age |
| 12:06 | Build | Barracks |
| 13:16 | Create | Villager (Male) |
| 13:16 | Create | Villager (Male) |
| 13:16 | Create | Villager (Male) |
| 13:59 | Age | Feudal Age |
| 14:00 | Create | Unit 2626 |
| 14:13 | Build | Market |
| 14:17 | Build | Blacksmith |
| 14:34 | Create | Villager (Male) |
| 15:24 | Build | Mining Camp |
| 15:45 | Research | Castle Age |
| 16:04 | Research | Double-Bit Axe |
| 16:47 | Create | Villager (Male) |
| 16:47 | Create | Villager (Male) |
| 16:50 | Build | House |
| 17:29 | Create | Villager (Male) |
| 17:30 | Create | Villager (Male) |
| 17:36 | Build | House |
| 18:17 | Build | Mining Camp |
| 18:25 | Age | Castle Age |
| 19:08 | Build | Krepost |
| 19:10 | Build | Mining Camp |
| 19:12 | Create | Villager (Male) |
| 19:12 | Create | Villager (Male) |
| 19:32 | Research | Scale Barding Armor |
| 19:35 | Research | Forging |
| 19:37 | Research | Gold Mining |
| 19:45 | Research | Bow Saw |
| 20:27 | Create | Konnik ×3 |
| 20:40 | Build | Farm |
| 20:44 | Build | Farm |
| 20:47 | Build | Farm |
| 20:51 | Research | Horse Collar |
| 20:55 | Build | Farm |
| 20:59 | Build | Farm |
| 21:04 | Build | Farm |
| 21:07 | Build | Farm |
| 21:11 | Create | Villager (Male) |
| 21:11 | Create | Villager (Male) |
| 21:12 | Create | Villager (Male) |
| 21:14 | Create | Konnik |
| 21:14 | Create | Konnik |
| 21:50 | Create | Konnik |
| 21:51 | Create | Konnik |
| 22:53 | Research | Scale Mail Armor |
| 22:55 | Create | Konnik ×4 |
| 22:59 | Build | Siege Workshop |
| 23:02 | Create | Villager (Male) |
| 23:07 | Create | Villager (Male) |
| 23:16 | Build | Farm |
| 23:17 | Build | Farm |
| 23:17 | Build | Farm |
| 23:17 | Build | Farm |
| 23:17 | Build | Farm |
| 23:18 | Build | Farm |
| 23:18 | Build | Farm |
| 23:51 | Create | Villager (Male) |
| 24:15 | Create | Villager (Male) |
| 24:15 | Create | Villager (Male) |
| 24:42 | Build | Krepost |
| 24:51 | Create | Konnik |
| 24:52 | Create | Konnik |
| 24:52 | Create | Konnik |
| 25:29 | Build | Palisade Gate |
| 25:33 | Build | Palisade Wall |
| 25:35 | Build | Palisade Wall |
| 25:57 | Build | Palisade Wall |
| 27:55 | Build | Town Center |
| 28:45 | Build | Town Center |
| 29:20 | Create | Villager (Male) ×5 |
| 30:18 | Create | Villager (Male) ×5 |
| 30:30 | Build | Farm |
| 30:30 | Build | Farm |
| 30:31 | Build | Farm |
| 30:31 | Build | Farm |
| 30:31 | Build | Farm |
| 30:52 | Create | Villager (Male) ×4 |
| 31:31 | Build | Mill |
| 31:42 | Create | Villager (Male) |
| 32:00 | Build | Krepost |
| 32:05 | Create | Villager (Male) |
| 32:54 | Create | Villager (Male) ×2 |
| 33:22 | Build | Town Center |
| 33:26 | Create | Villager (Male) ×2 |
| 34:09 | Create | Villager (Male) ×4 |
| 34:39 | Create | Villager (Male) ×3 |
| 34:51 | Create | Villager (Male) |
| 35:26 | Build | Krepost |
| 35:43 | Research | Fletching |
| 36:02 | Create | Konnik |
| 36:24 | Create | Villager (Male) ×5 |
| 36:38 | Build | Mining Camp |
| 37:19 | Create | Villager (Male) ×5 |
| 37:25 | Research | Gold Shaft Mining |
| 37:29 | Research | Wheelbarrow |
| 37:41 | Build | Mining Camp |
| 37:50 | Build | Farm |
| 37:50 | Build | Farm |
| 37:51 | Build | Farm |
| 37:51 | Build | Farm |
| 38:10 | Create | Konnik ×2 |
| 38:17 | Create | Konnik |
| 38:31 | Create | Villager (Male) |
| 38:38 | Build | Farm |
| 38:42 | Build | Farm |
| 38:57 | Build | Farm |
| 39:04 | Create | Konnik ×2 |
| 39:06 | Create | Villager (Male) |
| 39:30 | Create | Konnik |
| 39:39 | Create | Villager (Male) |
Build order — Seifer
First 150 of 513 actions detected
| 0:07 | Build | Town Center |
| 0:43 | Build | Dock |
| 2:30 | Create | Villager (Male) |
| 2:30 | Create | Villager (Male) |
| 2:31 | Create | Villager (Male) |
| 2:31 | Create | Villager (Male) |
| 3:13 | Create | Fishing Ship |
| 3:21 | Create | Villager (Male) |
| 4:09 | Create | Fishing Ship |
| 4:10 | Create | Fishing Ship |
| 4:13 | Research | Loom |
| 4:26 | Build | House |
| 4:58 | Create | Villager (Male) |
| 5:05 | Create | Fishing Ship |
| 5:29 | Create | Villager (Male) |
| 5:35 | Create | Fishing Ship |
| 5:49 | Build | House |
| 6:00 | Create | Villager (Male) |
| 6:18 | Create | Fishing Ship |
| 6:37 | Create | Villager (Male) |
| 6:55 | Build | House |
| 6:58 | Create | Fishing Ship |
| 7:17 | Create | Villager (Male) |
| 7:26 | Build | House |
| 7:36 | Create | Villager (Male) |
| 7:42 | Build | Lumber Camp |
| 7:59 | Create | Fishing Ship |
| 8:11 | Create | Villager (Male) |
| 8:30 | Create | Fishing Ship |
| 8:45 | Create | Villager (Male) |
| 9:10 | Build | Dock |
| 9:18 | Create | Villager (Male) |
| 9:19 | Create | Villager (Male) |
| 9:20 | Create | Villager (Male) |
| 9:21 | Create | Fishing Ship |
| 9:51 | Build | House |
| 9:54 | Build | House |
| 9:56 | Create | Fishing Ship |
| 10:08 | Create | Villager (Male) |
| 10:11 | Create | Fishing Ship |
| 10:14 | Create | Villager (Male) |
| 10:34 | Create | Fishing Ship |
| 10:40 | Create | Villager (Male) |
| 10:42 | Create | Fishing Ship |
| 10:59 | Build | Lumber Camp |
| 11:02 | Create | Fishing Ship |
| 11:05 | Create | Villager (Male) |
| 11:05 | Create | Villager (Male) |
| 11:14 | Create | Fishing Ship |
| 11:38 | Create | Fishing Ship |
| 11:42 | Create | Villager (Male) |
| 11:42 | Create | Villager (Male) |
| 11:42 | Create | Villager (Male) |
| 11:58 | Create | Villager (Male) |
| 11:58 | Create | Villager (Male) |
| 11:58 | Create | Villager (Male) |
| 12:00 | Create | Fishing Ship |
| 12:14 | Create | Fishing Ship |
| 12:15 | Create | Fishing Ship |
| 12:42 | Create | Fishing Ship |
| 12:45 | Build | Dock |
| 12:50 | Create | Fishing Ship |
| 13:00 | Build | House |
| 13:02 | Build | House |
| 13:29 | Build | House |
| 13:36 | Build | House |
| 13:44 | Research | Feudal Age |
| 13:55 | Build | House |
| 14:02 | Build | House |
| 14:09 | Create | Fishing Ship |
| 14:10 | Create | Fishing Ship |
| 14:10 | Create | Fishing Ship |
| 14:16 | Create | Fishing Ship |
| 14:16 | Create | Fishing Ship |
| 14:16 | Create | Fishing Ship |
| 14:28 | Build | Lumber Camp |
| 15:52 | Create | Villager (Male) |
| 16:04 | Age | Feudal Age |
| 16:04 | Build | House |
| 16:16 | Build | Palisade Wall |
| 16:26 | Build | Mining Camp |
| 16:32 | Research | Town Watch |
| 16:34 | Research | Double-Bit Axe |
| 16:45 | Research | Tech 906 |
| 17:01 | Create | Villager (Male) |
| 17:08 | Research | Gold Mining |
| 17:10 | Create | Villager (Male) |
| 17:28 | Build | Mill |
| 17:33 | Build | Blacksmith |
| 17:40 | Create | Villager (Male) |
| 18:00 | Build | Market |
| 18:37 | Research | Castle Age |
| 18:41 | Research | Wheelbarrow |
| 20:12 | Build | Barracks |
| 20:23 | Build | Barracks |
| 20:51 | Build | Dock |
| 21:17 | Age | Castle Age |
| 21:21 | Research | Bow Saw |
| 21:25 | Research | Pikeman (upgrade) |
| 21:25 | Research | Squires |
| 21:29 | Research | Scale Mail Armor |
| 21:30 | Research | Forging |
| 21:48 | Build | Town Center |
| 22:11 | Build | Outpost |
| 22:20 | Create | Villager (Male) |
| 22:35 | Create | Spearman |
| 22:36 | Create | Spearman |
| 22:37 | Create | Spearman |
| 22:38 | Create | Spearman |
| 22:46 | Create | Villager (Male) |
| 23:32 | Build | Town Center |
| 23:37 | Create | Villager (Male) |
| 23:38 | Create | Villager (Male) |
| 23:52 | Research | Chain Mail Armor |
| 23:52 | Research | Iron Casting |
| 23:58 | Research | Arson |
| 24:01 | Research | Gambesons |
| 24:01 | Research | Man-at-Arms (upgrade) |
| 24:28 | Create | Villager (Male) |
| 24:28 | Create | Villager (Male) |
| 25:00 | Create | Villager (Male) |
| 25:00 | Create | Villager (Male) |
| 25:00 | Create | Villager (Male) |
| 25:04 | Create | Spearman |
| 25:04 | Create | Spearman |
| 25:04 | Create | Spearman |
| 25:06 | Research | Long Swordsman (upgrade) |
| 25:10 | Research | Fletching |
| 25:15 | Research | Stone Mining |
| 25:21 | Create | Villager (Male) |
| 25:22 | Create | Villager (Male) |
| 25:22 | Create | Villager (Male) |
| 25:39 | Research | War Galley (upgrade) |
| 25:41 | Create | Fire Galley |
| 25:41 | Create | Fire Galley |
| 25:41 | Create | Fire Galley |
| 25:42 | Create | Fire Galley |
| 26:45 | Build | Siege Workshop |
| 27:01 | Research | Gillnets |
| 27:11 | Research | Bodkin Arrow |
| 27:20 | Create | Mangonel |
| 27:34 | Create | Militia |
| 27:34 | Create | Spearman |
| 27:34 | Create | Militia |
| 27:35 | Create | Spearman |
| 27:35 | Create | Militia |
| 27:35 | Create | Spearman |
| 27:35 | Create | Militia |
| 27:35 | Create | Spearman |
| 27:36 | Create | Militia |
Build order — [SENSEI] feb
First 150 of 419 actions detected
| 0:06 | Build | Town Center |
| 1:05 | Build | Dock |
| 1:07 | Build | House |
| 2:33 | Create | Villager (Male) ×5 |
| 2:36 | Create | Fishing Ship |
| 4:13 | Create | Fishing Ship |
| 4:25 | Build | House |
| 4:38 | Create | Villager (Male) |
| 5:15 | Create | Villager (Male) |
| 5:35 | Create | Fishing Ship |
| 5:40 | Create | Villager (Male) |
| 5:43 | Build | House |
| 6:00 | Create | Villager (Male) |
| 6:15 | Create | Fishing Ship |
| 6:21 | Create | Villager (Male) |
| 6:46 | Create | Villager (Male) |
| 6:51 | Build | House |
| 7:04 | Create | Fishing Ship |
| 7:13 | Create | Villager (Male) |
| 7:26 | Research | Loom |
| 7:36 | Create | Fishing Ship |
| 7:41 | Create | Villager (Male) |
| 8:12 | Create | Villager (Male) |
| 8:28 | Create | Fishing Ship |
| 8:31 | Build | House |
| 9:00 | Build | Mill |
| 9:09 | Create | Villager (Male) |
| 9:36 | Create | Villager (Male) |
| 9:55 | Research | Feudal Age |
| 10:38 | Build | Mining Camp |
| 10:42 | Create | Villager (Male) |
| 11:10 | Build | House |
| 11:11 | Build | House |
| 11:39 | Build | Outpost |
| 12:03 | Age | Feudal Age |
| 12:24 | Build | Watch Tower |
| 12:30 | Create | Villager (Male) |
| 12:50 | Build | House |
| 12:55 | Build | House |
| 13:01 | Create | Villager (Male) |
| 13:08 | Create | Villager (Male) |
| 13:24 | Create | Villager (Male) |
| 13:33 | Build | Mining Camp |
| 13:47 | Create | Villager (Male) |
| 14:07 | Build | Outpost |
| 14:39 | Create | Villager (Male) |
| 14:56 | Build | Watch Tower |
| 15:02 | Create | Villager (Male) |
| 15:20 | Create | Villager (Male) |
| 15:28 | Build | Farm |
| 15:33 | Build | Blacksmith |
| 15:57 | Create | Villager (Male) |
| 16:10 | Research | Fletching |
| 16:26 | Create | Villager (Male) |
| 16:38 | Build | Watch Tower |
| 16:42 | Create | Villager (Male) |
| 16:52 | Build | Market |
| 16:53 | Create | Villager (Male) |
| 17:53 | Research | Castle Age |
| 18:26 | Build | Lumber Camp |
| 18:35 | Build | House |
| 18:36 | Build | House |
| 18:37 | Build | House |
| 19:06 | Build | Barracks |
| 19:17 | Create | Villager (Male) |
| 19:29 | Build | Farm |
| 19:35 | Build | Farm |
| 19:52 | Create | Villager (Male) |
| 20:19 | Age | Castle Age |
| 20:21 | Build | Castle |
| 20:27 | Create | Villager (Male) |
| 20:40 | Create | Villager (Male) |
| 20:45 | Build | Stable |
| 20:57 | Research | Double-Bit Axe |
| 21:41 | Create | Villager (Male) |
| 21:47 | Build | Town Center |
| 22:24 | Create | Villager (Male) |
| 22:45 | Build | Stable |
| 22:49 | Create | Villager (Male) |
| 22:51 | Research | Scale Barding Armor |
| 23:08 | Create | Villager (Male) |
| 23:14 | Create | Knight |
| 23:46 | Build | House |
| 23:48 | Build | House |
| 24:03 | Create | Villager (Male) |
| 24:04 | Create | Villager (Male) |
| 24:43 | Build | Farm |
| 24:44 | Build | Farm |
| 24:46 | Build | Farm |
| 24:48 | Build | Farm |
| 25:07 | Build | Farm |
| 25:09 | Build | Farm |
| 25:10 | Build | Farm |
| 25:10 | Build | Farm |
| 25:11 | Build | Farm |
| 25:11 | Build | Farm |
| 25:11 | Build | Farm |
| 25:11 | Build | Farm |
| 25:26 | Build | Palisade Wall |
| 25:42 | Create | War Elephant |
| 25:48 | Create | Villager (Male) |
| 25:49 | Create | Villager (Male) |
| 25:56 | Build | Farm |
| 26:11 | Create | War Elephant |
| 26:34 | Create | Villager (Male) |
| 26:34 | Create | Villager (Male) |
| 26:44 | Create | Trade Cart |
| 26:51 | Create | War Elephant |
| 27:01 | Create | Villager (Male) |
| 27:01 | Create | Villager (Male) |
| 27:12 | Build | Town Center |
| 27:29 | Create | War Elephant |
| 27:40 | Create | Villager (Male) |
| 27:40 | Create | Villager (Male) |
| 27:40 | Create | Villager (Male) |
| 28:05 | Create | Scout Cavalry |
| 28:23 | Create | War Elephant |
| 28:30 | Create | Villager (Male) |
| 28:30 | Create | Villager (Male) |
| 29:03 | Build | Monastery |
| 29:05 | Build | Monastery |
| 29:07 | Create | Villager (Male) |
| 29:07 | Create | Villager (Male) |
| 29:07 | Create | Villager (Male) |
| 29:32 | Create | Monk |
| 29:34 | Create | Monk |
| 29:37 | Build | Monastery |
| 30:00 | Build | Siege Workshop |
| 30:03 | Create | Villager (Male) |
| 30:03 | Create | Villager (Male) |
| 30:03 | Create | Villager (Male) |
| 30:24 | Create | Monk |
| 31:11 | Create | Villager (Male) |
| 31:11 | Create | Villager (Male) |
| 31:22 | Build | Town Center |
| 31:40 | Build | Farm |
| 31:41 | Build | Farm |
| 31:41 | Build | Farm |
| 31:42 | Build | Farm |
| 31:42 | Build | Farm |
| 31:42 | Build | Farm |
| 31:42 | Build | Farm |
| 32:06 | Create | Mangonel |
| 32:09 | Create | Villager (Male) |
| 32:12 | Build | Farm |
| 32:24 | Build | Castle |
| 32:34 | Create | Villager (Male) |
| 32:34 | Create | Villager (Male) |
| 32:40 | Create | Villager (Male) |
| 32:40 | Create | Villager (Male) |
Build order — juanjemer
First 150 of 511 actions detected
| 0:43 | Build | Town Center |
| 1:32 | Build | Dock |
| 1:34 | Build | House |
| 3:05 | Create | Villager (Male) |
| 3:05 | Create | Villager (Male) |
| 3:05 | Create | Villager (Male) |
| 3:05 | Create | Villager (Male) |
| 3:24 | Research | Loom |
| 3:35 | Create | Villager (Male) |
| 3:35 | Create | Villager (Male) |
| 3:42 | Create | Villager (Male) |
| 3:42 | Create | Villager (Male) |
| 3:42 | Create | Villager (Male) |
| 4:38 | Create | Fishing Ship |
| 5:29 | Create | Villager (Male) |
| 5:29 | Create | Villager (Male) |
| 5:29 | Create | Villager (Male) |
| 6:04 | Create | Fishing Ship |
| 6:12 | Create | Villager (Male) |
| 6:13 | Create | Villager (Male) |
| 6:13 | Create | Villager (Male) |
| 6:17 | Build | House |
| 7:02 | Create | Villager (Male) |
| 7:02 | Create | Villager (Male) |
| 7:11 | Create | Fishing Ship |
| 7:34 | Create | Villager (Male) |
| 7:34 | Create | Villager (Male) |
| 7:47 | Build | House |
| 8:02 | Create | Villager (Male) |
| 8:02 | Create | Villager (Male) |
| 8:16 | Create | Fishing Ship |
| 8:18 | Create | Villager (Male) |
| 8:18 | Create | Villager (Male) |
| 8:19 | Create | Villager (Male) |
| 8:19 | Create | Villager (Male) |
| 8:55 | Create | Villager (Male) |
| 8:56 | Create | Villager (Male) |
| 8:56 | Create | Villager (Male) |
| 9:12 | Create | Villager (Male) |
| 9:12 | Create | Villager (Male) |
| 9:14 | Create | Fishing Ship |
| 9:19 | Build | House |
| 9:23 | Create | Villager (Male) |
| 9:23 | Create | Villager (Male) |
| 9:43 | Create | Villager (Male) |
| 9:43 | Create | Villager (Male) |
| 9:58 | Create | Villager (Male) |
| 9:59 | Create | Villager (Male) |
| 10:30 | Create | Fishing Ship |
| 10:57 | Create | Villager (Male) |
| 11:10 | Build | Lumber Camp |
| 11:18 | Create | Fishing Ship |
| 11:25 | Build | House |
| 12:04 | Create | Villager (Male) |
| 12:10 | Build | Palisade Wall |
| 12:12 | Build | Palisade Wall |
| 12:19 | Create | Fishing Ship |
| 12:33 | Create | Villager (Male) |
| 12:46 | Create | Fishing Ship |
| 13:00 | Build | House |
| 13:16 | Research | Feudal Age |
| 13:43 | Build | Dock |
| 14:12 | Build | House |
| 15:21 | Create | Villager (Male) |
| 15:21 | Create | Villager (Male) |
| 15:26 | Age | Feudal Age |
| 15:33 | Build | Blacksmith |
| 15:35 | Create | Fishing Ship |
| 15:48 | Build | Mill |
| 16:01 | Create | Fishing Ship |
| 16:12 | Create | Villager (Male) |
| 16:20 | Create | Unit 2626 |
| 16:20 | Create | Unit 2626 |
| 16:25 | Build | House |
| 16:26 | Build | Palisade Wall |
| 16:32 | Research | Double-Bit Axe |
| 16:46 | Create | Villager (Male) |
| 16:46 | Create | Villager (Male) |
| 16:46 | Create | Villager (Male) |
| 17:13 | Create | Villager (Male) |
| 17:13 | Create | Villager (Male) |
| 17:36 | Build | Market |
| 17:39 | Create | Villager (Male) |
| 17:43 | Build | House |
| 17:51 | Create | Unit 2626 |
| 17:51 | Create | Unit 2626 |
| 17:56 | Create | Fishing Ship |
| 18:12 | Create | Fishing Ship |
| 19:04 | Create | Villager (Male) |
| 19:58 | Create | Villager (Male) |
| 20:03 | Build | House |
| 20:15 | Research | Castle Age |
| 20:17 | Create | Fishing Ship |
| 20:41 | Build | Dock |
| 21:21 | Create | Unit 2626 |
| 21:29 | Build | Barracks |
| 21:57 | Create | Fishing Ship |
| 22:30 | Create | Fishing Ship |
| 22:31 | Build | House |
| 22:36 | Create | Fishing Ship |
| 22:47 | Build | Archery Range |
| 22:52 | Build | Archery Range |
| 22:55 | Research | Fletching |
| 23:03 | Age | Castle Age |
| 23:14 | Research | Town Watch |
| 23:16 | Create | Villager (Male) |
| 23:16 | Create | Villager (Male) |
| 24:08 | Build | Town Center |
| 24:19 | Create | Villager (Male) |
| 24:19 | Create | Villager (Male) |
| 24:35 | Build | Siege Workshop |
| 24:40 | Create | Villager (Male) |
| 24:40 | Create | Villager (Male) |
| 25:09 | Create | Villager (Male) |
| 25:09 | Create | Villager (Male) |
| 25:24 | Create | Villager (Male) |
| 25:24 | Create | Villager (Male) |
| 25:24 | Create | Villager (Male) |
| 26:08 | Research | Bow Saw |
| 26:12 | Create | Villager (Male) |
| 26:12 | Create | Villager (Male) |
| 26:16 | Create | Fishing Ship |
| 26:22 | Create | Mangonel |
| 26:32 | Research | Crossbowman (upgrade) |
| 26:36 | Create | Villager (Male) |
| 26:36 | Create | Villager (Male) |
| 26:37 | Create | Villager (Male) |
| 26:37 | Create | Villager (Male) |
| 26:43 | Build | House |
| 26:44 | Build | House |
| 27:35 | Create | Archer |
| 27:35 | Create | Archer |
| 27:35 | Create | Archer |
| 27:35 | Create | Archer |
| 28:06 | Build | Castle |
| 28:11 | Build | House |
| 28:15 | Build | House |
| 28:20 | Build | House |
| 28:27 | Create | Mangonel |
| 28:38 | Create | Villager (Male) |
| 28:39 | Create | Villager (Male) |
| 28:39 | Create | Villager (Male) |
| 28:39 | Create | Villager (Male) |
| 28:46 | Build | House |
| 28:53 | Build | House |
| 29:09 | Build | Town Center |
| 29:11 | Create | Rattan Archer |
| 29:11 | Create | Rattan Archer |
| 29:12 | Create | Rattan Archer |
| 29:20 | Create | Villager (Male) |
Build order — [GDL] Perro del Mal
First 150 of 394 actions detected
| 0:04 | Build | Town Center |
| 1:07 | Build | Dock |
| 1:14 | Build | Palisade Wall |
| 1:53 | Build | House |
| 1:59 | Build | Palisade Wall |
| 2:28 | Create | Villager (Male) |
| 2:28 | Create | Villager (Male) |
| 2:28 | Create | Villager (Male) |
| 2:29 | Create | Villager (Male) |
| 2:29 | Create | Villager (Male) |
| 2:42 | Create | Fishing Ship |
| 3:02 | Build | Palisade Wall |
| 3:05 | Build | Palisade Wall |
| 3:08 | Build | Palisade Wall |
| 3:14 | Build | Palisade Wall |
| 4:13 | Create | Fishing Ship |
| 4:29 | Research | Loom |
| 4:42 | Create | Villager (Male) |
| 5:02 | Create | Villager (Male) |
| 5:09 | Create | Fishing Ship |
| 5:29 | Build | House |
| 5:31 | Create | Villager (Male) |
| 6:06 | Create | Villager (Male) |
| 6:11 | Create | Fishing Ship |
| 6:24 | Create | Villager (Male) |
| 6:50 | Create | Villager (Male) |
| 6:52 | Build | House |
| 7:00 | Create | Villager (Male) |
| 7:05 | Create | Fishing Ship |
| 7:05 | Create | Fishing Ship |
| 7:14 | Create | Villager (Male) |
| 7:38 | Create | Villager (Male) |
| 7:42 | Create | Villager (Male) |
| 7:51 | Create | Fishing Ship |
| 7:59 | Create | Villager (Male) |
| 8:01 | Build | House |
| 8:27 | Create | Villager (Male) |
| 8:27 | Create | Fishing Ship |
| 8:54 | Create | Villager (Male) |
| 8:54 | Create | Villager (Male) |
| 9:01 | Create | Fishing Ship |
| 9:11 | Create | Villager (Male) |
| 9:13 | Build | House |
| 9:26 | Create | Villager (Male) |
| 9:26 | Create | Villager (Male) |
| 9:27 | Create | Villager (Male) |
| 9:27 | Create | Villager (Male) |
| 9:29 | Create | Fishing Ship |
| 9:35 | Build | House |
| 9:48 | Create | Villager (Male) |
| 9:49 | Create | Villager (Male) |
| 9:54 | Build | House |
| 10:00 | Create | Fishing Ship |
| 10:01 | Create | Villager (Male) |
| 10:03 | Create | Villager (Male) |
| 10:48 | Build | Mining Camp |
| 10:51 | Create | Villager (Male) |
| 10:55 | Create | Fishing Ship |
| 11:16 | Research | Feudal Age |
| 11:40 | Build | Palisade Wall |
| 11:46 | Build | Palisade Wall |
| 12:11 | Build | House |
| 12:18 | Build | Barracks |
| 13:20 | Age | Feudal Age |
| 13:23 | Create | Villager (Male) |
| 13:23 | Create | Villager (Male) |
| 13:30 | Build | Watch Tower |
| 13:32 | Build | Archery Range |
| 13:38 | Create | Galley |
| 13:48 | Build | Blacksmith |
| 13:50 | Create | Villager (Male) |
| 13:58 | Create | Villager (Male) |
| 14:07 | Create | Archer |
| 14:20 | Create | Villager (Male) |
| 14:29 | Build | Mining Camp |
| 14:34 | Build | House |
| 14:37 | Research | Fletching |
| 14:47 | Build | House |
| 14:54 | Build | Lumber Camp |
| 14:55 | Create | Villager (Male) |
| 15:00 | Create | Archer |
| 15:00 | Create | Archer |
| 15:32 | Create | Villager (Male) |
| 16:00 | Create | Villager (Male) |
| 16:06 | Research | Double-Bit Axe |
| 16:21 | Build | Stone Wall |
| 16:25 | Build | Mill |
| 16:32 | Build | Mining Camp |
| 17:27 | Create | Villager (Male) |
| 17:29 | Create | Archer |
| 17:35 | Build | House |
| 17:35 | Build | House |
| 17:55 | Build | Market |
| 17:58 | Create | Villager (Male) |
| 18:17 | Create | Archer |
| 18:22 | Create | Villager (Male) |
| 18:37 | Build | House |
| 19:15 | Build | House |
| 19:34 | Research | Castle Age |
| 19:49 | Create | Archer |
| 20:00 | Build | Archery Range |
| 20:27 | Create | Archer |
| 20:27 | Create | Archer |
| 20:32 | Create | Archer |
| 21:01 | Build | House |
| 21:23 | Build | Lumber Camp |
| 21:35 | Build | Palisade Wall |
| 21:55 | Create | Villager (Male) |
| 21:55 | Create | Villager (Male) |
| 21:59 | Age | Castle Age |
| 22:17 | Build | Castle |
| 22:20 | Build | Siege Workshop |
| 22:23 | Build | Town Center |
| 22:37 | Create | Villager (Male) |
| 22:43 | Build | House |
| 23:01 | Create | Villager (Male) |
| 23:17 | Create | Battering Ram |
| 24:04 | Create | Villager (Male) |
| 24:19 | Create | Battering Ram |
| 24:22 | Build | Farm |
| 24:23 | Build | Farm |
| 24:24 | Build | Farm |
| 24:27 | Build | Farm |
| 24:30 | Create | Villager (Male) |
| 24:49 | Build | Farm |
| 24:52 | Build | Farm |
| 25:29 | Create | War Elephant |
| 25:33 | Build | Farm |
| 25:35 | Build | Farm |
| 26:08 | Create | War Elephant |
| 26:09 | Create | War Elephant |
| 26:18 | Build | Monastery |
| 26:32 | Create | Villager (Male) |
| 26:45 | Create | Monk |
| 27:00 | Create | Villager (Male) |
| 27:00 | Create | Villager (Male) |
| 27:03 | Build | Farm |
| 27:07 | Build | Monastery |
| 27:25 | Create | Villager (Male) |
| 27:25 | Create | Villager (Male) |
| 27:31 | Create | Monk |
| 27:57 | Create | Villager (Male) |
| 27:58 | Create | Villager (Male) |
| 28:20 | Create | Monk |
| 28:31 | Create | Villager (Male) |
| 28:37 | Build | Farm |
| 28:37 | Build | Farm |
| 29:07 | Create | Villager (Male) |
| 29:08 | Create | Villager (Male) |
| 29:28 | Create | Monk |
Build order — LAO9
First 150 of 329 actions detected
| 0:07 | Build | House |
| 0:31 | Build | Town Center |
| 1:20 | Build | Dock |
| 2:46 | Create | Villager (Male) |
| 2:46 | Create | Villager (Male) |
| 2:47 | Create | Villager (Male) |
| 2:47 | Create | Villager (Male) |
| 2:47 | Create | Villager (Male) |
| 3:55 | Create | Villager (Male) |
| 4:26 | Create | Fishing Ship |
| 4:30 | Research | Loom |
| 5:07 | Build | House |
| 5:12 | Create | Villager (Male) |
| 5:12 | Create | Villager (Male) |
| 5:13 | Create | Villager (Male) |
| 6:01 | Create | Villager (Male) |
| 6:04 | Create | Fishing Ship |
| 6:30 | Create | Villager (Male) |
| 6:30 | Create | Villager (Male) |
| 6:30 | Create | Villager (Male) |
| 6:35 | Build | House |
| 6:40 | Create | Villager (Male) |
| 6:41 | Create | Villager (Male) |
| 6:50 | Create | Fishing Ship |
| 7:08 | Build | House |
| 7:30 | Create | Villager (Male) |
| 7:30 | Create | Villager (Male) |
| 7:30 | Create | Villager (Male) |
| 7:32 | Create | Fishing Ship |
| 8:15 | Build | House |
| 8:17 | Create | Fishing Ship |
| 8:29 | Create | Villager (Male) |
| 8:29 | Create | Villager (Male) |
| 8:29 | Create | Villager (Male) |
| 8:35 | Build | House |
| 9:18 | Create | Fishing Ship |
| 9:27 | Create | Villager (Male) |
| 9:27 | Create | Villager (Male) |
| 9:28 | Create | Villager (Male) |
| 9:44 | Create | Fishing Ship |
| 10:06 | Build | Dock |
| 10:20 | Create | Villager (Male) |
| 10:20 | Create | Villager (Male) |
| 10:33 | Create | Fishing Ship |
| 10:55 | Build | House |
| 10:55 | Build | House |
| 10:58 | Create | Fishing Ship |
| 11:00 | Create | Fishing Ship |
| 11:09 | Create | Fishing Ship |
| 12:22 | Create | Villager (Male) |
| 12:23 | Create | Villager (Male) |
| 12:29 | Build | Lumber Camp |
| 12:47 | Research | Feudal Age |
| 13:02 | Build | Mill |
| 13:19 | Research | Feudal Age |
| 13:21 | Create | Fishing Ship |
| 13:24 | Create | Fishing Ship |
| 13:45 | Build | House |
| 14:23 | Build | Outpost |
| 15:29 | Age | Feudal Age |
| 15:30 | Create | Villager (Male) |
| 15:31 | Create | Villager (Male) |
| 15:39 | Build | Blacksmith |
| 15:44 | Build | Market |
| 15:50 | Build | Palisade Wall |
| 15:52 | Create | Villager (Male) |
| 15:52 | Create | Villager (Male) |
| 15:55 | Create | Villager (Male) |
| 16:02 | Build | Watch Tower |
| 16:05 | Create | Villager (Male) |
| 16:06 | Create | Villager (Male) |
| 16:23 | Create | Galley |
| 16:26 | Create | Galley |
| 16:41 | Build | Mining Camp |
| 16:52 | Research | Castle Age |
| 17:20 | Build | House |
| 17:21 | Build | House |
| 17:22 | Build | House |
| 17:24 | Build | House |
| 19:02 | Create | Galley |
| 19:05 | Create | Galley |
| 19:28 | Research | Double-Bit Axe |
| 19:31 | Research | Gold Mining |
| 19:34 | Research | Fletching |
| 20:01 | Build | House |
| 20:15 | Age | Castle Age |
| 20:25 | Build | Siege Workshop |
| 20:26 | Create | Villager (Male) |
| 20:27 | Create | Villager (Male) |
| 20:27 | Create | Villager (Male) |
| 20:47 | Create | Mangonel |
| 20:49 | Create | Villager (Male) |
| 20:49 | Create | Villager (Male) |
| 21:41 | Build | Castle |
| 21:48 | Build | House |
| 21:51 | Create | Villager (Male) |
| 21:52 | Create | Villager (Male) |
| 21:52 | Create | Villager (Male) |
| 21:59 | Create | Battering Ram |
| 22:05 | Build | House |
| 22:57 | Create | Woad Raider |
| 22:57 | Create | Woad Raider |
| 22:58 | Create | Woad Raider |
| 23:01 | Create | Villager (Male) |
| 23:01 | Create | Villager (Male) |
| 23:01 | Create | Villager (Male) |
| 23:04 | Create | Battering Ram |
| 23:05 | Create | Battering Ram |
| 23:23 | Research | Scale Mail Armor |
| 23:26 | Create | Woad Raider ×5 |
| 23:26 | Create | Woad Raider ×5 |
| 23:29 | Create | Villager (Male) |
| 24:09 | Create | Woad Raider |
| 24:09 | Create | Woad Raider |
| 24:10 | Create | Woad Raider |
| 24:11 | Create | Villager (Male) |
| 24:11 | Create | Villager (Male) |
| 25:12 | Create | Battering Ram |
| 25:56 | Create | Woad Raider ×3 |
| 25:56 | Create | Woad Raider ×3 |
| 26:22 | Build | Town Center |
| 26:25 | Create | Villager (Male) |
| 26:25 | Create | Villager (Male) |
| 27:46 | Create | Villager (Male) |
| 27:46 | Create | Villager (Male) |
| 28:11 | Build | Dock |
| 28:35 | Build | Lumber Camp |
| 28:39 | Create | Villager (Male) |
| 28:39 | Create | Villager (Male) |
| 28:39 | Create | Villager (Male) |
| 28:52 | Research | War Galley (upgrade) |
| 29:05 | Create | Woad Raider |
| 29:06 | Create | Woad Raider |
| 29:33 | Build | Farm |
| 29:34 | Build | Farm |
| 29:34 | Build | Farm |
| 29:34 | Build | Farm |
| 29:34 | Build | Farm |
| 29:34 | Build | Farm |
| 29:48 | Research | Forging |
| 30:29 | Build | Farm |
| 30:29 | Build | Farm |
| 30:30 | Build | Farm |
| 30:36 | Create | Battering Ram |
| 30:57 | Create | Fire Galley ×5 |
| 31:40 | Create | Battering Ram |
| 31:40 | Create | Battering Ram |
| 31:44 | Research | Chain Mail Armor |
| 31:47 | Create | Woad Raider ×4 |
| 31:47 | Create | Woad Raider ×4 |
Build order — 老头
First 150 of 447 actions detected
| 0:20 | Build | Town Center |
| 1:13 | Build | House |
| 1:16 | Build | Dock |
| 2:39 | Create | Villager (Male) |
| 2:39 | Create | Villager (Male) |
| 2:40 | Create | Villager (Male) |
| 2:40 | Create | Villager (Male) |
| 4:08 | Build | House |
| 4:22 | Create | Fishing Ship |
| 4:41 | Create | Villager (Male) |
| 4:42 | Create | Villager (Male) |
| 5:15 | Create | Villager (Male) |
| 5:41 | Create | Villager (Male) |
| 5:41 | Create | Villager (Male) |
| 5:50 | Create | Fishing Ship |
| 6:12 | Create | Villager (Male) |
| 6:12 | Create | Villager (Male) |
| 6:32 | Build | House |
| 6:50 | Create | Villager (Male) |
| 7:01 | Build | House |
| 7:23 | Create | Villager (Male) |
| 7:38 | Build | House |
| 7:45 | Create | Villager (Male) |
| 7:52 | Create | Fishing Ship |
| 8:09 | Create | Villager (Male) |
| 8:45 | Create | Villager (Male) |
| 8:46 | Create | Villager (Male) |
| 8:49 | Build | Mill |
| 9:39 | Create | Fishing Ship |
| 9:59 | Create | Villager (Male) |
| 9:59 | Create | Villager (Male) |
| 10:31 | Create | Villager (Male) |
| 10:38 | Build | Mining Camp |
| 11:08 | Create | Villager (Male) |
| 11:23 | Research | Feudal Age |
| 11:33 | Build | Dock |
| 12:49 | Build | House |
| 13:49 | Age | Feudal Age |
| 13:53 | Build | Blacksmith |
| 13:59 | Build | Palisade Wall |
| 14:09 | Create | Villager (Male) |
| 14:10 | Create | Villager (Male) |
| 14:21 | Create | Unit 2626 |
| 14:34 | Create | Villager (Male) |
| 14:40 | Build | Market |
| 14:44 | Build | Palisade Wall |
| 15:22 | Create | Fishing Ship |
| 15:27 | Create | Villager (Male) |
| 15:35 | Research | Stone Mining |
| 15:42 | Build | Palisade Wall |
| 15:45 | Build | Palisade Wall |
| 15:58 | Research | Castle Age |
| 16:32 | Build | House |
| 16:39 | Build | Palisade Wall |
| 17:19 | Research | Loom |
| 18:38 | Age | Castle Age |
| 19:00 | Build | Castle |
| 19:54 | Create | Villager (Male) |
| 20:35 | Create | Villager (Male) |
| 21:25 | Build | Town Center |
| 21:42 | Create | Villager (Male) |
| 21:49 | Create | Longbowman |
| 21:49 | Create | Longbowman |
| 22:07 | Create | Villager (Male) |
| 22:30 | Create | Villager (Male) |
| 22:44 | Create | Villager (Male) |
| 23:05 | Create | Longbowman |
| 23:08 | Create | Villager (Male) |
| 23:29 | Build | Town Center |
| 23:34 | Create | Villager (Male) |
| 23:35 | Create | Longbowman |
| 23:46 | Build | Siege Workshop |
| 23:50 | Create | Longbowman |
| 23:51 | Create | Villager (Male) |
| 23:54 | Build | Farm |
| 23:58 | Create | Villager (Male) |
| 24:02 | Build | Farm |
| 24:16 | Create | Longbowman |
| 24:17 | Create | Villager (Male) |
| 24:18 | Create | Villager (Male) |
| 24:55 | Create | Battering Ram |
| 24:57 | Create | Longbowman |
| 25:49 | Create | Villager (Male) |
| 26:03 | Build | Town Center |
| 26:06 | Create | Villager (Male) |
| 26:07 | Create | Villager (Male) |
| 26:25 | Build | Farm |
| 27:53 | Build | Town Center |
| 27:57 | Create | Villager (Male) |
| 27:58 | Create | Villager (Male) |
| 28:21 | Create | Villager (Male) |
| 28:21 | Create | Villager (Male) |
| 28:21 | Create | Villager (Male) |
| 28:26 | Create | Longbowman |
| 28:26 | Create | Longbowman |
| 28:43 | Create | Longbowman |
| 28:47 | Create | Villager (Male) |
| 28:52 | Create | Villager (Male) |
| 29:07 | Create | Longbowman |
| 29:22 | Build | Farm |
| 29:32 | Create | Villager (Male) |
| 29:32 | Create | Villager (Male) |
| 29:55 | Create | Battering Ram |
| 30:13 | Create | Villager (Male) |
| 30:14 | Create | Villager (Male) |
| 30:14 | Create | Villager (Male) |
| 30:20 | Build | Farm |
| 30:23 | Build | Farm |
| 30:44 | Create | Villager (Male) |
| 30:45 | Build | Farm |
| 30:47 | Create | Villager (Male) |
| 31:59 | Create | Mangonel |
| 32:05 | Build | Palisade Wall |
| 32:09 | Build | Farm |
| 32:12 | Create | Villager (Male) |
| 32:17 | Build | Farm |
| 32:22 | Create | Villager (Male) |
| 32:23 | Create | Villager (Male) |
| 32:23 | Create | Villager (Male) |
| 32:24 | Create | Villager (Male) |
| 32:24 | Create | Villager (Male) |
| 32:45 | Create | Mangonel |
| 32:51 | Build | House |
| 32:55 | Create | Longbowman |
| 32:55 | Create | Longbowman |
| 33:01 | Create | Villager (Male) |
| 33:01 | Create | Villager (Male) |
| 33:03 | Build | Farm |
| 33:06 | Build | Farm |
| 33:10 | Build | Farm |
| 33:21 | Build | House |
| 33:27 | Build | Farm |
| 33:29 | Build | Farm |
| 33:31 | Build | Farm |
| 33:45 | Create | Villager (Male) |
| 34:00 | Build | House |
| 34:04 | Create | Villager (Male) |
| 34:09 | Create | Villager (Male) |
| 34:09 | Create | Villager (Male) |
| 34:20 | Create | Villager (Male) |
| 34:34 | Create | Villager (Male) |
| 34:43 | Build | House |
| 34:49 | Create | Villager (Male) |
| 34:50 | Create | Villager (Male) |
| 34:50 | Create | Villager (Male) |
| 34:51 | Create | Villager (Male) |
| 34:51 | Create | Villager (Male) |
| 34:55 | Build | House |
| 34:57 | Build | Farm |
| 35:01 | Build | Farm |
Build order — LenninRT
First 150 of 253 actions detected
| 0:27 | Build | Town Center |
| 0:36 | Build | House |
| 2:50 | Create | Villager (Male) ×4 |
| 2:50 | Create | Villager (Male) ×4 |
| 3:44 | Build | House |
| 4:04 | Create | Villager (Male) |
| 4:04 | Create | Villager (Male) |
| 4:39 | Build | House |
| 4:54 | Create | Villager (Male) |
| 4:55 | Create | Villager (Male) |
| 5:24 | Build | House |
| 5:35 | Create | Villager (Male) |
| 5:36 | Create | Villager (Male) |
| 6:02 | Create | Villager (Male) |
| 6:02 | Create | Villager (Male) |
| 6:08 | Build | Farm |
| 6:27 | Create | Villager (Male) |
| 6:28 | Create | Villager (Male) |
| 7:12 | Research | Loom |
| 7:12 | Create | Villager (Male) |
| 7:13 | Create | Villager (Male) |
| 7:13 | Create | Villager (Male) |
| 7:47 | Create | Villager (Male) |
| 7:47 | Create | Villager (Male) |
| 8:42 | Build | Farm |
| 8:47 | Build | Farm |
| 8:49 | Build | Farm |
| 8:52 | Create | Villager (Male) |
| 8:53 | Create | Villager (Male) |
| 9:44 | Build | Farm |
| 9:53 | Create | Villager (Male) |
| 9:58 | Build | Farm |
| 10:01 | Create | Villager (Male) |
| 10:01 | Create | Villager (Male) |
| 10:12 | Research | Feudal Age |
| 10:42 | Build | Outpost |
| 10:50 | Create | Villager (Male) |
| 10:51 | Create | Villager (Male) |
| 10:56 | Build | House |
| 12:01 | Build | Outpost |
| 12:28 | Age | Feudal Age |
| 12:33 | Build | Stable |
| 12:51 | Research | Wheelbarrow |
| 12:56 | Research | Wheelbarrow |
| 13:18 | Build | Palisade Gate |
| 13:33 | Build | Watch Tower |
| 13:35 | Create | Scout Cavalry |
| 13:35 | Create | Scout Cavalry |
| 13:47 | Build | Palisade Gate |
| 13:57 | Create | Villager (Male) |
| 13:58 | Create | Villager (Male) |
| 14:32 | Build | Watch Tower |
| 14:42 | Build | Watch Tower |
| 14:47 | Build | Stone Wall |
| 14:48 | Build | Stone Wall |
| 14:49 | Create | Villager (Male) |
| 14:49 | Create | Villager (Male) |
| 15:17 | Create | Scout Cavalry |
| 15:26 | Build | House |
| 15:53 | Build | Watch Tower |
| 16:02 | Create | Scout Cavalry |
| 16:02 | Create | Scout Cavalry |
| 16:10 | Build | Stone Wall |
| 16:11 | Build | Stone Wall |
| 16:28 | Create | Villager (Male) |
| 16:28 | Create | Villager (Male) |
| 17:16 | Build | Stone Wall |
| 17:16 | Build | Stone Wall |
| 17:33 | Create | Scout Cavalry |
| 17:34 | Create | Scout Cavalry |
| 17:42 | Build | Blacksmith |
| 18:02 | Build | Watch Tower |
| 18:13 | Build | Watch Tower |
| 18:22 | Create | Villager (Male) |
| 18:22 | Create | Villager (Male) |
| 18:23 | Create | Villager (Male) |
| 18:26 | Build | House |
| 18:30 | Build | Mining Camp |
| 19:02 | Research | Fletching |
| 19:42 | Build | Watch Tower |
| 20:03 | Create | Villager (Male) |
| 20:03 | Create | Villager (Male) |
| 20:21 | Create | Villager (Male) |
| 20:37 | Build | Watch Tower |
| 20:47 | Build | Stone Wall |
| 20:48 | Build | Stone Wall |
| 20:49 | Build | Stone Wall |
| 20:52 | Create | Villager (Male) |
| 20:53 | Create | Villager (Male) |
| 21:07 | Build | Farm |
| 21:08 | Build | Farm |
| 21:14 | Create | Villager (Male) |
| 21:19 | Build | Stone Wall |
| 21:20 | Build | Stone Wall |
| 21:21 | Build | Stone Wall |
| 21:21 | Build | Stone Wall |
| 21:59 | Create | Villager (Male) |
| 22:13 | Build | House |
| 22:34 | Create | Villager (Male) |
| 22:34 | Create | Villager (Male) |
| 22:50 | Create | Villager (Male) |
| 22:51 | Create | Villager (Male) |
| 23:25 | Build | Watch Tower |
| 23:45 | Research | Scale Barding Armor |
| 23:51 | Create | Villager (Male) |
| 23:51 | Create | Villager (Male) |
| 23:51 | Create | Villager (Male) |
| 24:44 | Build | Stone Wall |
| 24:46 | Build | Stone Wall |
| 24:48 | Build | Stone Wall |
| 24:52 | Build | Stone Wall |
| 26:00 | Build | Market |
| 26:02 | Build | Mining Camp |
| 27:32 | Research | Castle Age |
| 30:14 | Age | Castle Age |
| 30:23 | Build | Castle |
| 32:48 | Build | Castle |
| 33:41 | Build | Town Center |
| 34:31 | Build | Farm |
| 34:32 | Build | Farm |
| 34:35 | Build | Farm |
| 34:36 | Build | Farm |
| 34:44 | Create | Villager (Male) |
| 34:44 | Create | Villager (Male) |
| 34:45 | Create | Villager (Male) |
| 35:24 | Create | Villager (Male) |
| 35:31 | Create | Villager (Male) |
| 35:31 | Create | Villager (Male) |
| 35:44 | Create | Villager (Male) |
| 35:44 | Create | Villager (Male) |
| 36:19 | Create | Villager (Male) |
| 36:20 | Create | Villager (Male) |
| 36:22 | Build | Farm |
| 36:46 | Build | House |
| 36:48 | Create | Villager (Male) |
| 36:48 | Create | Villager (Male) |
| 37:25 | Build | Outpost |
| 37:34 | Build | Castle |
| 37:47 | Build | Outpost |
| 37:54 | Build | Castle |
| 38:06 | Create | Villager (Male) |
| 38:06 | Create | Villager (Male) |
| 38:07 | Create | Villager (Male) |
| 38:20 | Build | Blacksmith |
| 38:40 | Create | Villager (Male) |
| 38:40 | Create | Villager (Male) |
| 38:41 | Create | Villager (Male) |
| 38:46 | Build | Farm |
| 38:47 | Build | Farm |
| 38:47 | Build | Farm |
Match timeline
| 0:39 | Dadagama · first_building Dock |
| 0:43 | Seifer · first_building Dock |
| 1:05 | [SENSEI] feb · first_building Dock |
| 1:07 | [GDL] Perro del Mal · first_building Dock |
| 1:14 | [GDL] Perro del Mal · wall_segment Palisade Wall x1 |
| 1:16 | 老头 · first_building Dock |
| 1:20 | LAO9 · first_building Dock |
| 1:32 | juanjemer · first_building Dock |
| 1:59 | [GDL] Perro del Mal · wall_segment Palisade Wall x1 |
| 3:02 | [GDL] Perro del Mal · wall_segment Palisade Wall x1 |
| 3:05 | [GDL] Perro del Mal · wall_segment Palisade Wall x1 |
| 3:08 | [GDL] Perro del Mal · wall_segment Palisade Wall x1 |
| 3:14 | [GDL] Perro del Mal · wall_segment Palisade Wall x1 |
| 11:40 | [GDL] Perro del Mal · wall_segment Palisade Wall x1 |
| 11:46 | [GDL] Perro del Mal · wall_segment Palisade Wall x1 |
| 12:03 | [SENSEI] feb · age_up feudal |
| 12:06 | Dadagama · first_building Barracks |
| 12:10 | juanjemer · wall_segment Palisade Wall x1 |
| 12:12 | juanjemer · wall_segment Palisade Wall x1 |
| 12:18 | [GDL] Perro del Mal · first_building Barracks |
| 12:28 | LenninRT · age_up feudal |
| 12:33 | LenninRT · first_building Stable |
| 13:20 | [GDL] Perro del Mal · age_up feudal |
| 13:32 | [GDL] Perro del Mal · first_building Archery Range |
| 13:49 | 老头 · age_up feudal |
| 13:59 | 老头 · wall_segment Palisade Wall x1 |
| 13:59 | Dadagama · age_up feudal |
| 14:44 | 老头 · wall_segment Palisade Wall x3 |
| 14:47 | LenninRT · wall_segment Stone Wall x1 |
| 14:48 | LenninRT · wall_segment Stone Wall x1 |
| 15:26 | juanjemer · age_up feudal |
| 15:29 | LAO9 · age_up feudal |
| 15:31 | Dadagama · first_market_sell 100 stone |
| 15:42 | 老头 · wall_segment Palisade Wall x1 |
| 15:45 | 老头 · wall_segment Palisade Wall x1 |
| 15:50 | LAO9 · wall_segment Palisade Wall x1 |
| 16:04 | Seifer · age_up feudal |
| 16:10 | LenninRT · wall_segment Stone Wall x1 |
| 16:11 | LenninRT · wall_segment Stone Wall x1 |
| 16:16 | Seifer · wall_segment Palisade Wall x1 |
| 16:21 | [GDL] Perro del Mal · wall_segment Stone Wall x1 |
| 16:26 | juanjemer · wall_segment Palisade Wall x1 |
| 16:39 | 老头 · wall_segment Palisade Wall x1 |
| 17:16 | LenninRT · wall_segment Stone Wall x1 |
| 17:16 | LenninRT · wall_segment Stone Wall x1 |
| 17:42 | [SENSEI] feb · first_market_sell 100 wood |
| 17:47 | [SENSEI] feb · first_market_buy 100 food |
| 18:25 | Dadagama · age_up castle |
| 18:31 | Dadagama · first_market_buy 100 stone |
| 18:38 | 老头 · age_up castle |
| 18:42 | 老头 · first_market_buy 100 stone |
| 18:46 | [GDL] Perro del Mal · first_market_sell 100 wood |
| 19:00 | 老头 · first_building Castle |
| 19:06 | [SENSEI] feb · first_building Barracks |
| 19:08 | Dadagama · first_building Krepost |
| 19:11 | juanjemer · first_market_sell 100 stone |
| 19:24 | [GDL] Perro del Mal · first_market_buy 100 food |
| 20:08 | juanjemer · first_market_buy 100 food |
| 20:12 | Seifer · first_building Barracks |
| 20:15 | LAO9 · age_up castle |
| 20:19 | [SENSEI] feb · age_up castle |
| 20:21 | [SENSEI] feb · first_building Castle |
| 20:25 | LAO9 · first_building Siege Workshop |
| 20:45 | [SENSEI] feb · first_building Stable |
| 20:47 | LenninRT · wall_segment Stone Wall x1 |
| 20:48 | LenninRT · wall_segment Stone Wall x1 |
| 20:49 | LenninRT · wall_segment Stone Wall x1 |
| 21:17 | Seifer · age_up castle |
| 21:19 | LAO9 · first_market_buy 100 stone |
| 21:19 | LenninRT · wall_segment Stone Wall x1 |
| 21:20 | LenninRT · wall_segment Stone Wall x1 |
| 21:21 | LenninRT · wall_segment Stone Wall x1 |
| 21:21 | LenninRT · wall_segment Stone Wall x1 |
| 21:29 | juanjemer · first_building Barracks |
| 21:35 | [GDL] Perro del Mal · wall_segment Palisade Wall x7 |
| 21:41 | LAO9 · first_building Castle |
| 21:59 | [GDL] Perro del Mal · age_up castle |
| 22:17 | [GDL] Perro del Mal · first_building Castle |
| 22:20 | [GDL] Perro del Mal · first_building Siege Workshop |
| 22:47 | juanjemer · first_building Archery Range |
| 22:59 | Dadagama · first_building Siege Workshop |
| 23:03 | juanjemer · age_up castle |
| 23:27 | Seifer · first_market_buy 100 stone |
| 23:46 | 老头 · first_building Siege Workshop |
| 24:35 | juanjemer · first_building Siege Workshop |
| 24:44 | LenninRT · wall_segment Stone Wall x1 |
| 24:46 | LenninRT · wall_segment Stone Wall x1 |
| 24:48 | LenninRT · wall_segment Stone Wall x1 |
| 24:52 | LenninRT · wall_segment Stone Wall x1 |
| 25:26 | [SENSEI] feb · wall_segment Palisade Wall x1 |
| 25:33 | Dadagama · wall_segment Palisade Wall x1 |
| 25:35 | Dadagama · wall_segment Palisade Wall x1 |
| 25:57 | Dadagama · wall_segment Palisade Wall x1 |
| 26:18 | [GDL] Perro del Mal · first_building Monastery |
| 26:45 | Seifer · first_building Siege Workshop |
| 27:00 | LenninRT · first_market_sell 500 wood |
| 27:01 | LenninRT · first_market_buy 100 food |
| 28:06 | juanjemer · first_building Castle |
| 29:03 | [SENSEI] feb · first_building Monastery |
| 30:00 | [SENSEI] feb · first_building Siege Workshop |
| 30:14 | LenninRT · age_up castle |
| 30:23 | LenninRT · first_building Castle |
| 31:08 | Seifer · first_building Castle |
| 32:05 | 老头 · wall_segment Palisade Wall x1 |
| 32:07 | [GDL] Perro del Mal · first_building Stable |
| 32:36 | Seifer · first_market_sell 100 food |
| 35:48 | Seifer · age_up imperial |
| 36:09 | juanjemer · age_up imperial |
| 37:37 | juanjemer · tribute_sent a jugador 1 |
| 37:37 | juanjemer · tribute_sent a jugador 2 |
| 37:37 | juanjemer · tribute_sent a jugador 3 |
| 37:37 | juanjemer · tribute_sent a jugador 5 |
| 37:37 | juanjemer · tribute_sent a jugador 6 |
| 37:37 | juanjemer · tribute_sent a jugador 7 |
| 37:37 | juanjemer · tribute_sent a jugador 8 |
| 39:32 | [SENSEI] feb · age_up imperial |
| 42:30 | juanjemer · tribute_sent a jugador 1 |
| 42:30 | juanjemer · tribute_sent a jugador 2 |
| 42:30 | juanjemer · tribute_sent a jugador 3 |
| 42:30 | juanjemer · tribute_sent a jugador 5 |
| 42:30 | juanjemer · tribute_sent a jugador 6 |
| 42:30 | juanjemer · tribute_sent a jugador 7 |
| 42:30 | juanjemer · tribute_sent a jugador 8 |
| 44:51 | LenninRT · wall_segment Stone Wall x14 |
| 45:06 | 老头 · age_up imperial |
| 46:03 | LAO9 · age_up imperial |
| 47:28 | juanjemer · wall_segment Palisade Wall x1 |
| 47:34 | juanjemer · wall_segment Palisade Wall x1 |
| 47:37 | juanjemer · wall_segment Palisade Wall x1 |
| 48:23 | Dadagama · first_building Castle |
| 48:37 | 老头 · first_market_sell 100 food |
| 49:17 | Dadagama · first_building Monastery |
| 51:38 | LenninRT · first_building Siege Workshop |
| 52:03 | LenninRT · wall_segment Stone Wall x5 |
| 53:28 | [GDL] Perro del Mal · age_up imperial |
| 53:35 | LenninRT · wall_segment Stone Wall x2 |
| 55:36 | LenninRT · wall_segment Palisade Wall x4 |
| 55:38 | LenninRT · wall_segment Palisade Wall x5 |
| 57:23 | LenninRT · wall_segment Stone Wall x3 |
| 57:24 | LenninRT · wall_segment Stone Wall x1 |
| 57:25 | LenninRT · wall_segment Stone Wall x3 |
| 57:27 | LenninRT · wall_segment Stone Wall x2 |
| 58:41 | LenninRT · resign |
[ AI ANALYSIS · 1 CREDIT ]
What really happened in this match?
Wolo.gg analyzes every decision: build order, eco, micro, common mistakes by bracket. Personalized analysis on WhatsApp or Discord in 30 seconds.
Civ guide
Bulgarians
Perfil
Jugador #11526726